[Event "Titled Tuesday Blitz August 08 Early 2023"]
[White "Gatterer, Florian"]
[Black "Malek, Jan"]
[WhiteFideId "811688"]
[BlackFideId "21864080"]
[WhiteElo "2362"]
[BlackElo "2598"]
[Result "0-1"]
[Round "2"]
[TimeControl "180+1"]
[Date "2023.08.08"]
[WhiteClock "0:00:00"]
[BlackClock "0:00:02"]
[Board "172"]

1. c4 b6 2. g3 Bb7 3. Nf3 Bxf3 4. exf3 c5 5. d4 cxd4 6. Qxd4 Nc6 7. Qd2 g6 8. Nc3 Bg7 9. b3 Rc8 10. Bb2 Nf6 11. Bg2 O-O 12. f4 a6 13. O-O d6 14. Rfd1 Nd7 15. h4 Nc5 16. h5 Nb4 17. Nd5 Bxb2 18. Qxb2 Nxd5 19. Rxd5 Qd7 20. Kh2 e6 21. Rd2 Qe7 22. h6 f6 23. Rad1 Rfd8 24. Qa3 a5 25. Qb2 Qf8 26. Kg1 Rc7 27. a3 a4 28. bxa4 Nxa4 29. Qb4 Nc5 30. Qxb6 Rcd7 31. Qb2 f5 32. Bc6 Rc7 33. Bf3 Rcd7 34. Bc6 Rc7 35. Bf3 Kf7 36. Kg2 Ke7 37. Qb6 Rcd7 38. Bc6 Rb8 39. Qa5 Nb3 40. Qc3 Nxd2 41. Rxd2 Rc7 42. Bf3 Qxh6 43. c5 Rxc5 44. Qd4 Rd8 45. Qb4 Qf8 46. a4 Rd7 47. a5 Qc8 48. Qd4 Kf7 49. a6 Ra5 50. Bb7 Rxb7 51. axb7 Qxb7+ 52. Kh2 Rd5 53. Qe3 Rxd2 54. Qxd2 Qd5 55. Qc3 e5 56. Qc7+ Kf6 57. Qxh7 Qd2 58. Qh8+ Ke6 59. Qc8+ Kd5 60. Qg8+ Kd4 61. Qxg6 Qxf2+ 62. Kh3 Qf1+ 63. Kh2 Ke4 64. Qe6 Qf2+ 65. Kh3 Qd4 66. Qg6 Qd1 67. Kh4 exf4 0-1


[Site "https://www.chess.com"]

[Event "Titled Tuesday Blitz August 08 Early 2023"]
[White "Bures, Vit"]
[Black "Christie, Joshua"]
[WhiteFideId "309052"]
[BlackFideId "7402074"]
[WhiteElo "2359"]
[BlackElo "2588"]
[Result "0-1"]
[Round "2"]
[TimeControl "180+1"]
[Date "2023.08.08"]
[WhiteClock "0:00:00"]
[BlackClock "0:00:12"]
[Board "173"]

1. d4 Nf6 2. c4 e6 3. Nc3 Bb4 4. e3 O-O 5. Ne2 c5 6. a3 Bxc3+ 7. Nxc3 cxd4 8. exd4 d5 9. c5 b6 10. Be2 Ba6 11. O-O Bxe2 12. Qxe2 Nc6 13. Be3 bxc5 14. dxc5 d4 15. Rfd1 e5 16. Bg5 h6 17. Bh4 g5 18. Bg3 Nd5 19. Qc4 dxc3 20. Rxd5 cxb2 21. Rad1 Qa5 22. h4 Rad8 23. hxg5 Rxd5 24. Qxd5 Rd8 25. Qf3 Rxd1+ 26. Qxd1 Qc3 27. Kh2 Qc1 28. Qd7 b1=Q 29. Qe8+ Kg7 30. Bxe5+ Kg6 31. Qxc6+ Kf5 32. Qf6+ Ke4 33. gxh6 Qh1+ 34. Kg3 Qh5 35. Qf4+ Kd3 36. Qd4+ Kc2 37. Qc3+ Kd1 38. Qd4+ Ke2 39. Qe3+ Kf1 40. Bc3 Qbg6+ 41. Kf4 Qhxh6+ 0-1


[Site "https://www.chess.com"]

[Event "Titled Tuesday Blitz August 08 Early 2023"]
[White "AndresDelgado77"]
[Black "Aevengho"]
[WhiteElo "2358"]
[BlackElo "2583"]
[Result "1-0"]
[Round "2"]
[TimeControl "180+1"]
[Date "2023.08.08"]
[WhiteClock "0:00:11"]
[BlackClock "0:00:39"]
[Board "174"]

1. e4 d6 2. d4 Nf6 3. Nc3 g6 4. Bg5 Bg7 5. e5 Nfd7 6. Nd5 f6 7. exf6 exf6 8. Qe2+ Kf7 9. Qc4 c6 10. Nxf6+ d5 11. Nxd5 Qxg5 12. Nc7+ Ke7 13. Nxa8 b5 14. Qe2+ Kd8 15. Nf3 Qh6 16. Ne5 Bxe5 17. dxe5 Bb7 18. e6 Re8 19. Rd1 Bxa8 20. Qe5 Na6 21. Rxd7+ Kc8 22. Be2 g5 23. Bg4 Qf8 24. e7 1-0


[Site "https://www.chess.com"]

[Event "Titled Tuesday Blitz August 08 Early 2023"]
[White "Kunin, Vitaly"]
[Black "KorolDimitriy75"]
[WhiteFideId "4128737"]
[WhiteElo "2579"]
[BlackElo "2357"]
[Result "0-1"]
[Round "2"]
[TimeControl "180+1"]
[Date "2023.08.08"]
[WhiteClock "0:00:00"]
[BlackClock "0:00:57"]
[Board "175"]

1. d4 Nf6 2. c4 c5 3. d5 b5 4. cxb5 a6 5. b6 d6 6. Nc3 Nbd7 7. e4 g6 8. h3 Bg7 9. Nf3 O-O 10. Be2 Nxb6 11. O-O e6 12. dxe6 Bxe6 13. Bf4 d5 14. exd5 Nfxd5 15. Nxd5 Nxd5 16. Be5 Bxe5 17. Nxe5 Qf6 18. Nc4 Rfd8 19. Qc2 Nf4 20. Rad1 Qg5 21. Bf3 Nxh3+ 22. Kh1 Nf4 23. Bxa8 Rxa8 24. Qe4 Qh4+ 25. Kg1 Nh3+ 26. gxh3 Qxe4 27. Nd6 Qe5 28. Rfe1 Qxb2 29. Rb1 Qxa2 0-1


[Site "https://www.chess.com"]

[Event "Titled Tuesday Blitz August 08 Early 2023"]
[White "Amanov, Zhanibek"]
[Black "Toropov, Pavel"]
[WhiteFideId "13700189"]
[BlackFideId "24129178"]
[WhiteElo "2356"]
[BlackElo "2573"]
[Result "0-1"]
[Round "2"]
[TimeControl "180+1"]
[Date "2023.08.08"]
[WhiteClock "0:00:00"]
[BlackClock "0:00:09"]
[Board "176"]

1. e4 e6 2. d4 d5 3. Nc3 dxe4 4. Nxe4 Nd7 5. Nf3 Ngf6 6. Nxf6+ Nxf6 7. Bd3 b6 8. c3 Bb7 9. O-O Be7 10. h3 O-O 11. Bf4 c5 12. Qe2 cxd4 13. Nxd4 Qd5 14. Nf3 Rfd8 15. Rfd1 Qh5 16. Bc2 Bxf3 17. Qxf3 Qxf3 18. gxf3 Nd5 19. Bg3 Rac8 20. Rd3 Nb4 21. Rxd8+ Bxd8 22. Bxh7+ Kxh7 23. cxb4 Bf6 24. Rd1 Rc2 25. Rd7 Rxb2 26. a3 a5 27. bxa5 bxa5 28. Rxf7 Ra2 29. Bd6 Bd4 30. Bg3 Rxa3 31. Re7 Ra1+ 32. Kg2 Re1 33. f4 a4 34. f5 a3 35. f6 Bxf6 36. Ra7 Ra1 37. Bd6 a2 38. Bf4 Kg6 39. Be3 Kf5 40. f3 Ke5 41. Ra5+ Kd6 42. Bf4+ Kc6 43. Ra6+ Kd5 44. Ra5+ Kc4 45. Ra6 Kb3 46. Rb6+ Kc4 47. Rc6+ Kb5 48. Rc2 Rg1+ 0-1


[Site "https://www.chess.com"]

[Event "Titled Tuesday Blitz August 08 Early 2023"]
[White "Stachanczyk, Jacek"]
[Black "Williams, Simon K"]
[WhiteFideId "1116657"]
[BlackFideId "404454"]
[WhiteElo "2354"]
[BlackElo "2564"]
[Result "1/2-1/2"]
[Round "2"]
[TimeControl "180+1"]
[Date "2023.08.08"]
[WhiteClock "0:00:18"]
[BlackClock "0:00:06"]
[Board "177"]

1. e4 d6 2. d4 Nf6 3. Nc3 Nbd7 4. f4 e5 5. Nf3 exd4 6. Qxd4 c6 7. Be3 d5 8. exd5 Bc5 9. Qd2 Qe7 10. Nd1 Ng4 11. d6 Bxd6 12. Be2 Nxe3 13. Qxe3 Qxe3 14. Nxe3 Bxf4 15. Kf2 Ne5 16. Rhe1 O-O 17. Nxe5 Bxe5 18. c3 Be6 19. Bf3 Rad8 20. Re2 Bc7 21. Nc2 Bc4 22. Re7 Rd2+ 23. Ke3 Rd3+ 24. Kf2 Bd8 25. Re4 Bd5 26. Re2 Bb6+ 27. Kg3 f5 28. Nb4 Bc4 29. Nxd3 Bxd3 30. Rd2 f4+ 31. Kg4 h5+ 32. Kxh5 Bf5 33. Rad1 Kh7 34. Rd7 Rf6 35. Kg5 Bc2 36. R1d6 Rf5+ 37. Kg4 Bc5 38. Rd2 Bb1 39. Rxb7 Rf6 40. Rdd7 Bf5+ 41. Kg5 Bxd7 42. Rxd7 Be3 43. Rc7 c5 44. c4 Rd6 45. Bd5 Bd4 46. Be4+ Kg8 47. Rc8+ Kf7 48. Bd5+ Ke7 49. Rc7+ Rd7 50. Rxd7+ Kxd7 51. Kxf4 Bxb2 52. Kf5 Kd6 53. Kg6 Kc7 54. g4 Kb6 55. h4 Ka5 56. Bc6 Kb4 57. Bb5 Ka3 58. g5 Kxa2 59. Ba6 Kb3 60. h5 Kb4 61. h6 gxh6 62. gxh6 Ka5 63. Bb5 Kb4 64. Ba6 Ka5 65. Bb5 Kb6 66. h7 a5 67. Kf7 Kc7 68. Ke6 Kb6 69. Kd6 Bc3 70. Ba4 Bb2 71. Kd7 Bc3 72. Kd6 Bb2 73. Kd5 Bc3 74. Kd6 1/2-1/2


[Site "https://www.chess.com"]

[Event "Titled Tuesday Blitz August 08 Early 2023"]
[White "Nayak Rajesh"]
[Black "Mogirzan, Matei-Valeriu"]
[WhiteFideId "35017152"]
[BlackFideId "1257455"]
[WhiteElo "2353"]
[BlackElo "2557"]
[Result "0-1"]
[Round "2"]
[TimeControl "180+1"]
[Date "2023.08.08"]
[WhiteClock "0:01:40"]
[BlackClock "0:02:08"]
[Board "178"]

1. e4 e5 2. f4 Nf6 3. Nc3 d5 4. fxe5 Nxe4 5. Nf3 Nc6 6. d4 Bb4 7. Bd2 Bxc3 8. bxc3 O-O 9. Bd3 f6 10. O-O fxe5 11. dxe5 Bg4 12. c4 Nxe5 13. cxd5 Nxd2 14. Qxd2 Bxf3 15. gxf3 Nxf3+ 16. Rxf3 Rxf3 17. Qg2 Qxd5 18. Bc4 Qxc4 0-1


[Site "https://www.chess.com"]

[Event "Titled Tuesday Blitz August 08 Early 2023"]
[White "Mazurkiewicz, Michal"]
[Black "Ibadov, Dashgyn"]
[WhiteFideId "1124943"]
[BlackFideId "24107514"]
[WhiteElo "2352"]
[BlackElo "2555"]
[Result "1-0"]
[Round "2"]
[TimeControl "180+1"]
[Date "2023.08.08"]
[WhiteClock "0:00:17"]
[BlackClock "0:00:06"]
[Board "179"]

1. e4 e6 2. d3 d5 3. Nd2 Nf6 4. Ngf3 c5 5. g3 Nc6 6. Bg2 g6 7. O-O Bg7 8. Re1 O-O 9. Qe2 a5 10. h4 b6 11. Nf1 dxe4 12. dxe4 Ba6 13. c4 Nd4 14. Nxd4 cxd4 15. e5 Nd7 16. Bxa8 Qxa8 17. Qe4 Bb7 18. Qxd4 Bh1 19. f3 Qxf3 20. Qf2 Nxe5 21. Nh2 Qxf2+ 22. Kxf2 Nd3+ 23. Ke2 Nxe1 24. Kxe1 Rc8 25. Rb1 Rxc4 26. Bd2 Be4 27. Rd1 Bxb2 28. Bh6 Bd5 29. Rb1 Bd4 30. Ke2 Bc5 31. Nf3 Rc2+ 32. Nd2 Rxa2 33. Kd3 a4 34. Nc4 Bxc4+ 35. Kxc4 Rc2+ 36. Kb5 a3 37. Rd1 f5 38. Rd7 Bf8 39. Rd8 a2 40. Rxf8# 1-0


[Site "https://www.chess.com"]

[Event "Titled Tuesday Blitz August 08 Early 2023"]
[White "Parpiev, Isaak"]
[Black "Kanyamarala, Trisha"]
[WhiteFideId "34281576"]
[BlackFideId "45004722"]
[WhiteElo "2554"]
[BlackElo "2350"]
[Result "0-1"]
[Round "2"]
[TimeControl "180+1"]
[Date "2023.08.08"]
[WhiteClock "0:00:00"]
[BlackClock "0:00:18"]
[Board "180"]

1. Nf3 d5 2. b3 g6 3. Bb2 Nf6 4. c4 c6 5. g3 Bg7 6. Bg2 O-O 7. O-O Nbd7 8. cxd5 cxd5 9. d4 Ne4 10. e3 a6 11. Nfd2 Ndf6 12. Nc3 Nxc3 13. Bxc3 Bf5 14. f3 Rc8 15. Rc1 Qb6 16. Kh1 Bd3 17. Re1 Rc6 18. Bb2 Rfc8 19. Rxc6 Qxc6 20. Ba3 e6 21. Qc1 Qc2 22. Bc5 Qxa2 23. Qc3 Qc2 24. Qxc2 Bxc2 25. b4 Nd7 26. Bf1 Bf8 27. Bxf8 Kxf8 28. Rc1 Nb6 29. e4 Ba4 30. Rc5 Ke7 31. Kg1 Bc6 32. Kf2 Na4 33. Rc1 Bd7 34. Rxc8 Bxc8 35. Ke3 Nc3 36. Nb3 b6 37. Bd3 Nd1+ 38. Kd2 Nf2 39. Bc2 Nh3 40. Ke3 f6 41. Bd3 Ng5 42. h4 Nf7 43. Bb1 Nd8 44. Ba2 Nc6 45. exd5 exd5 0-1


[Site "https://www.chess.com"]

[Event "Titled Tuesday Blitz August 08 Early 2023"]
[White "Skuhala, Barbara"]
[Black "Souleidis, Georgios"]
[WhiteFideId "14605465"]
[BlackFideId "4206827"]
[WhiteElo "2349"]
[BlackElo "2553"]
[Result "0-1"]
[Round "2"]
[TimeControl "180+1"]
[Date "2023.08.08"]
[WhiteClock "0:00:00"]
[BlackClock "0:00:18"]
[Board "181"]

1. e4 c5 2. Nf3 e6 3. d4 cxd4 4. Nxd4 Nf6 5. Nc3 Nc6 6. Be3 Bb4 7. f3 d5 8. Nxc6 bxc6 9. e5 Nd7 10. f4 c5 11. Bd2 Bb7 12. a3 Ba5 13. Bd3 c4 14. Bf1 O-O 15. Nb5 Nc5 16. Nd6 Bc6 17. Bxa5 Qxa5+ 18. Qd2 Qb6 19. Rb1 f6 20. Qb4 fxe5 21. fxe5 Nd7 22. Qxb6 axb6 23. b3 b5 24. bxc4 bxc4 25. Be2 Nxe5 26. Kd2 Rxa3 27. g3 d4 28. Rhe1 c3+ 29. Kd1 Bd5 30. Nb5 Ra4 31. Nc7 Nf3 32. Rf1 Nd2 33. Rxf8+ Kxf8 34. Nxd5 Nxb1 35. Bb5 Ra1 0-1


[Site "https://www.chess.com"]

[Event "Titled Tuesday Blitz August 08 Early 2023"]
[White "Pratama, Constantius Leonardo"]
[Black "Nithyalakshmi, Sivanesan"]
[WhiteFideId "7104677"]
[BlackFideId "5706955"]
[WhiteElo "2553"]
[BlackElo "2348"]
[Result "1-0"]
[Round "2"]
[TimeControl "180+1"]
[Date "2023.08.08"]
[WhiteClock "0:01:12"]
[BlackClock "0:00:00"]
[Board "182"]

1. e4 e6 2. d4 d5 3. e5 Bd7 4. Nf3 a6 5. c3 Bb5 6. Be2 Be7 7. O-O Bxe2 8. Qxe2 Nc6 9. Na3 g5 10. Nc2 h5 11. Nfe1 Nh6 12. f4 g4 13. Ne3 Qd7 14. f5 Bg5 15. f6 Bxe3+ 16. Bxe3 Nf5 17. Nd3 O-O-O 18. Nc5 Qe8 19. b4 Nb8 20. a4 Rg8 21. Rfb1 h4 22. b5 a5 23. b6 c6 24. Nb3 Qf8 25. Nxa5 c5 26. Nb3 c4 27. Nc5 Nc6 28. a5 Nxe3 29. Qxe3 g3 30. h3 1-0


[Site "https://www.chess.com"]

[Event "Titled Tuesday Blitz August 08 Early 2023"]
[White "Camilla_Lee"]
[Black "Korpics, Zsolt"]
[BlackFideId "705241"]
[WhiteElo "2544"]
[BlackElo "2345"]
[Result "1/2-1/2"]
[Round "2"]
[TimeControl "180+1"]
[Date "2023.08.08"]
[WhiteClock "0:00:50"]
[BlackClock "0:00:06"]
[Board "183"]

1. e4 c5 2. Nf3 e6 3. d4 cxd4 4. Nxd4 Nc6 5. Nc3 Qc7 6. Be3 a6 7. a3 Nf6 8. f3 Be7 9. Qd2 O-O 10. g4 Ne5 11. h4 d5 12. g5 Nh5 13. exd5 Ng3 14. Rg1 Nxf1 15. Rxf1 Nc4 16. Qe2 Nxb2 17. Bd2 Nc4 18. dxe6 fxe6 19. Ne4 e5 20. Nb3 Bf5 21. Bb4 b5 22. Kf2 a5 23. Bxe7 Qxe7 24. Nbc5 Rac8 25. Nd3 Qb7 26. Kg3 Bxe4 27. Qxe4 Qxe4 28. fxe4 Rxf1 29. Rxf1 Ne3 30. Rf3 Nxc2 31. Nxe5 b4 32. axb4 axb4 33. g6 hxg6 34. Nxg6 Nd4 35. Ne7+ Kh7 36. Rf1 Rc3+ 37. Kg4 b3 38. Nd5 Rc2 39. Rb1 b2 40. Ne3 Re2 41. Kf4 Nb5 42. Nc4 Rxe4+ 43. Kxe4 Nc3+ 44. Kd3 Nxb1 45. Nxb2 Na3 46. Ke4 Nb5 1/2-1/2


[Site "https://www.chess.com"]

[Event "Titled Tuesday Blitz August 08 Early 2023"]
[White "Degenbaev, Aziz"]
[Black "Silva, Kaua Marques"]
[WhiteFideId "13802640"]
[BlackFideId "22701168"]
[WhiteElo "2537"]
[BlackElo "2342"]
[Result "0-1"]
[Round "2"]
[TimeControl "180+1"]
[Date "2023.08.08"]
[WhiteClock "0:00:57"]
[BlackClock "0:00:02"]
[Board "184"]

1. d3 d5 2. g3 Nf6 3. Bg2 h6 4. Nc3 c6 5. e4 e6 6. Nf3 Be7 7. O-O O-O 8. Qe2 Nbd7 9. Rd1 b6 10. b3 Bb7 11. Bb2 c5 12. exd5 exd5 13. d4 Re8 14. Qd3 c4 15. bxc4 Ba6 16. Nd2 Rc8 17. Nf1 Bxc4 18. Qf5 Nf8 19. Ne3 g6 20. Qh3 h5 21. Nxc4 Rxc4 22. Rac1 Ne6 23. Ne2 Ng5 24. Qh4 Ng4 25. Kf1 Nf3 26. Qh3 Ng5 27. Qh4 Ne4 28. Bxe4 Bxh4 29. Bd3 Bg5 30. Rb1 Qf6 31. f4 Ne3+ 32. Kg1 Nxd1 33. Rxd1 Rc6 34. fxg5 Qxg5 35. Nf4 Rd6 36. Bc1 Qf6 37. c3 h4 38. Kg2 Kg7 39. Bd2 Rde6 40. Rf1 Qd8 41. Nxe6+ Rxe6 42. Bf4 hxg3 43. hxg3 Qc8 44. Rf3 Qxc3 45. Kh3 Qxd4 46. Bb5 Qg1 47. Rf1 Qc5 48. Bd7 Re7 49. Bg4 d4 50. Rd1 Re3 51. Bxe3 dxe3 52. Rd7 Qe5 53. Rd1 Qb2 54. Re1 f5 55. Re2 Qa1 56. Bf3 Qd4 57. Kg2 Kf6 58. Rc2 Kg5 59. Be2 Qe4+ 0-1


[Site "https://www.chess.com"]

[Event "Titled Tuesday Blitz August 08 Early 2023"]
[White "Hoffmann, Asa"]
[Black "Geivondian, Arman"]
[WhiteFideId "2001470"]
[BlackFideId "24102032"]
[WhiteElo "2340"]
[BlackElo "2530"]
[Result "1-0"]
[Round "2"]
[TimeControl "180+1"]
[Date "2023.08.08"]
[WhiteClock "0:01:07"]
[BlackClock "0:00:56"]
[Board "185"]

1. d4 Nf6 2. Bg5 Ne4 3. Bf4 c5 4. f3 Nf6 5. dxc5 Qa5+ 6. Nc3 Qxc5 7. e4 Qb6 8. Qd2 Nc6 9. O-O-O e6 10. Nb5 e5 11. Be3 Qd8 12. Nd6+ Bxd6 13. Qxd6 Qe7 14. Bc5 Qxd6 15. Bxd6 b6 16. Bc4 Bb7 17. Ne2 Rc8 18. Bb5 Ng8 19. Bxc6 dxc6 20. Bxe5 f6 21. Bd6 Ne7 22. Ng3 Ng6 23. h4 Kf7 24. h5 Ne7 25. Bxe7 Kxe7 26. Nf5+ Ke6 27. Rd6+ Ke5 28. Rhd1 g6 29. hxg6 hxg6 30. Ne7 Kf4 31. Nxc8 Rxc8 32. Rxf6+ Ke3 33. Rxg6 Rh8 34. e5 Bc8 35. e6 Ke2 36. Rg4 Kf2 37. Re4 Re8 38. e7 Bf5 39. Rd8 1-0


[Site "https://www.chess.com"]

[Event "Titled Tuesday Blitz August 08 Early 2023"]
[White "Topalov, Aleksandar"]
[Black "Janaszak, Dawid"]
[WhiteFideId "925659"]
[BlackFideId "1119206"]
[WhiteElo "2339"]
[BlackElo "2527"]
[Result "0-1"]
[Round "2"]
[TimeControl "180+1"]
[Date "2023.08.08"]
[WhiteClock "0:00:00"]
[BlackClock "0:00:35"]
[Board "186"]

1. b3 e5 2. Bb2 Nc6 3. c4 Bc5 4. e3 d6 5. a3 a5 6. Nf3 Nge7 7. d4 exd4 8. Nxd4 O-O 9. Be2 Nf5 10. Nxf5 Bxf5 11. O-O Qh4 12. Nc3 Ne5 13. Nd5 c6 14. g3 Qd8 15. Nf4 Re8 16. Re1 Qf6 17. Qd2 Qh6 18. Bd4 Ng4 19. h4 g5 20. Bxg4 Bxg4 21. hxg5 Qxg5 22. Kg2 Re7 23. f3 Bd7 24. b4 Bxd4 25. Qxd4 Qe5 26. Qxe5 dxe5 27. Nd3 e4 28. Nc5 exf3+ 29. Kxf3 Bf5 30. e4 Bg6 31. Red1 b6 32. Rd7 Rae8 33. Rxe7 Rxe7 34. Na4 Bxe4+ 35. Kf4 axb4 36. axb4 b5 37. cxb5 cxb5 38. Nc5 Bd5 39. Ra5 Bc4 40. Ra8+ Kg7 41. Ne4 Re6 42. Ng5 Rf6+ 43. Ke3 Rg6 44. Ne4 f5 45. Ra7+ Kh6 0-1


[Site "https://www.chess.com"]

[Event "Titled Tuesday Blitz August 08 Early 2023"]
[White "Chor, Kevin"]
[Black "Carre, Sylvain"]
[WhiteFideId "2090740"]
[BlackFideId "642118"]
[WhiteElo "2526"]
[BlackElo "2338"]
[Result "0-1"]
[Round "2"]
[TimeControl "180+1"]
[Date "2023.08.08"]
[WhiteClock "0:00:02"]
[BlackClock "0:00:38"]
[Board "187"]

1. e4 e5 2. Nf3 Nf6 3. Nxe5 d6 4. Nf3 Nxe4 5. d4 d5 6. Bd3 Bd6 7. O-O O-O 8. c4 c6 9. Nc3 Nxc3 10. bxc3 Bg4 11. h3 Bh5 12. cxd5 cxd5 13. Be2 Nd7 14. Qb3 Nb6 15. Bg5 Qc7 16. a4 Rac8 17. a5 Nc4 18. a6 b6 19. Rac1 Rfe8 20. Rfe1 Bf4 21. Bxf4 Qxf4 22. Qb5 Rxe2 23. Rxe2 Qxc1+ 24. Re1 Nd6 25. Qd7 Qxc3 26. Qxd6 Bxf3 27. Re3 Qc1+ 28. Kh2 Be4 29. Rg3 Qc7 30. Qb4 h5 31. Kg1 Qc1+ 32. Kh2 Qf4 33. f3 h4 0-1


[Site "https://www.chess.com"]

[Event "Titled Tuesday Blitz August 08 Early 2023"]
[White "Lopez Gracia, Fernando"]
[Black "Eynullayev, Atilla"]
[WhiteFideId "2207184"]
[BlackFideId "13413570"]
[WhiteElo "2332"]
[BlackElo "2525"]
[Result "1-0"]
[Round "2"]
[TimeControl "180+1"]
[Date "2023.08.08"]
[WhiteClock "0:00:26"]
[BlackClock "0:00:00"]
[Board "188"]

1. e4 c5 2. Nf3 d6 3. d4 cxd4 4. Nxd4 Nf6 5. Nc3 a6 6. Bd3 e5 7. Nde2 Be7 8. O-O O-O 9. Ng3 b5 10. b4 Nc6 11. a3 Bg4 12. f3 Qb6+ 13. Kh1 Be6 14. Bb2 Nd4 15. Nce2 Nxe2 16. Qxe2 Rac8 17. a4 Bc4 18. Nf5 Rfe8 19. axb5 axb5 20. Ra5 Bf8 21. Rfa1 g6 22. Ne3 d5 23. exd5 Bxb4 24. Ra6 Bxd3 25. Qxd3 e4 26. fxe4 Nxe4 27. Kg1 Qc5 28. Bd4 Qc7 29. Ng4 h5 30. Nh6+ Kh7 31. Ra7 Kxh6 32. Rxc7 Rxc7 33. Qxb5 Rce7 34. Qxb4 1-0


[Site "https://www.chess.com"]

[Event "Titled Tuesday Blitz August 08 Early 2023"]
[White "Sreyas Payyappat"]
[Black "Lesbekova, Assel"]
[WhiteFideId "46674969"]
[BlackFideId "13713248"]
[WhiteElo "2524"]
[BlackElo "2332"]
[Result "1-0"]
[Round "2"]
[TimeControl "180+1"]
[Date "2023.08.08"]
[WhiteClock "0:01:11"]
[BlackClock "0:01:09"]
[Board "189"]

1. e4 e5 2. Nf3 Nf6 3. Nxe5 Nxe4 4. Qe2 Qe7 5. Qxe4 d6 6. d4 dxe5 7. dxe5 Nc6 8. Bb5 Bd7 9. O-O O-O-O 10. Bf4 g5 11. Bg3 f5 12. Qa4 f4 13. Re1 fxg3 14. hxg3 Kb8 15. Nc3 Be8 16. Rad1 Rxd1 17. Rxd1 a6 18. Be2 Nxe5 19. Qd4 Bg7 20. Nd5 Qd6 21. Qe3 Qc6 22. Ne7 Qb6 23. Rd8+ 1-0


[Site "https://www.chess.com"]

[Event "Titled Tuesday Blitz August 08 Early 2023"]
[White "Osinovsky, Stepan"]
[Black "Ansh M Shah"]
[WhiteFideId "4157354"]
[BlackFideId "25033379"]
[WhiteElo "2330"]
[BlackElo "2523"]
[Result "0-1"]
[Round "2"]
[TimeControl "180+1"]
[Date "2023.08.08"]
[WhiteClock "0:00:00"]
[BlackClock "0:00:59"]
[Board "190"]

1. Nf3 Nf6 2. g3 b6 3. Bg2 Bb7 4. O-O g6 5. d3 Bg7 6. e4 d6 7. Re1 O-O 8. a4 c5 9. a5 b5 10. Nbd2 a6 11. Nb3 Nc6 12. e5 Nxe5 13. Nxe5 Bxg2 14. Kxg2 dxe5 15. Nxc5 Qd5+ 16. Ne4 Rfd8 17. Qf3 Rac8 18. Re2 Nxe4 19. Qxe4 f5 20. Qxd5+ Rxd5 21. Be3 Bf6 22. Rc1 Kf7 23. Bb6 Rxd3 24. c3 e4 25. Rec2 Rc4 0-1


[Site "https://www.chess.com"]

[Event "Titled Tuesday Blitz August 08 Early 2023"]
[White "Spichkin, Alexander"]
[Black "Baghdasaryan, Vahe"]
[WhiteFideId "4144074"]
[BlackFideId "13303139"]
[WhiteElo "2328"]
[BlackElo "2522"]
[Result "0-1"]
[Round "2"]
[TimeControl "180+1"]
[Date "2023.08.08"]
[WhiteClock "0:02:13"]
[BlackClock "0:00:10"]
[Board "191"]

1. f4 d5 2. Nf3 Nf6 3. e3 g6 4. Be2 Bg7 5. O-O O-O 6. d3 c5 7. Kh1 Nc6 8. a4 h6 9. Qe1 b6 10. Qh4 e6 11. Ne5 Nxe5 12. fxe5 Nd7 13. Qxd8 Rxd8 14. d4 c4 15. Nc3 a6 16. e4 Nb8 17. exd5 exd5 18. Bf3 Be6 19. b3 cxb3 20. cxb3 Nc6 21. Be3 Rac8 22. Rac1 Nxe5 23. dxe5 d4 24. Bf2 dxc3 25. Bxb6 Rd2 26. b4 Bxe5 27. b5 axb5 28. a5 Ra2 29. Bb7 Re8 30. a6 Bb8 31. Rf2 b4 32. Rxa2 Bxa2 33. a7 Bxa7 34. Bxa7 Re7 35. Ra1 Rxb7 36. Rxa2 b3 37. Re2 Rxa7 38. h4 b2 39. Rc2 b1=Q+ 40. Kh2 Qxc2 0-1


[Site "https://www.chess.com"]

[Event "Titled Tuesday Blitz August 08 Early 2023"]
[White "Martin Barcelo, Carles"]
[Black "Rodriguez Santiago, Jaime"]
[WhiteFideId "24561444"]
[BlackFideId "3100898"]
[WhiteElo "2519"]
[BlackElo "2328"]
[Result "1-0"]
[Round "2"]
[TimeControl "180+1"]
[Date "2023.08.08"]
[WhiteClock "0:01:48"]
[BlackClock "0:00:56"]
[Board "192"]

1. e4 c6 2. Nf3 d5 3. Nc3 dxe4 4. Nxe4 Nf6 5. Nxf6+ exf6 6. g3 Bd6 7. Bg2 O-O 8. O-O Re8 9. d4 Nd7 10. Re1 Rxe1+ 11. Qxe1 Nf8 12. Bd2 Be6 13. Qe2 Qd7 14. c4 Rd8 15. Bc3 Ng6 16. Rd1 Bb8 17. b3 h5 18. h4 Bg4 19. Qd2 Qc7 20. Re1 f5 21. Nh2 f4 22. Nxg4 hxg4 23. h5 fxg3 24. hxg6 gxf2+ 25. Qxf2 Qh2+ 26. Kf1 Bg3 27. Qxf7+ 1-0


[Site "https://www.chess.com"]

[Event "Titled Tuesday Blitz August 08 Early 2023"]
[White "GaiozNigalidze"]
[Black "Lehtosaari, Mauri"]
[BlackFideId "501999"]
[WhiteElo "2325"]
[BlackElo "2519"]
[Result "1-0"]
[Round "2"]
[TimeControl "180+1"]
[Date "2023.08.08"]
[WhiteClock "0:00:18"]
[BlackClock "0:00:10"]
[Board "193"]

1. d4 d5 2. c4 c6 3. Nf3 Nf6 4. Nc3 dxc4 5. a4 Bf5 6. Ne5 Nbd7 7. Nxc4 Nb6 8. Ne5 a5 9. f3 Nfd7 10. Nxd7 Nxd7 11. e4 Bg6 12. Qb3 Qb6 13. Qxb6 Nxb6 14. Be3 Nd7 15. f4 e6 16. g4 f6 17. Bc4 Bb4 18. f5 exf5 19. gxf5 Bf7 20. Bd3 O-O-O 21. Kf2 Rhe8 22. Rac1 Nc5 23. Ke2 Bxc3 24. bxc3 Nxe4 25. Rhg1 g5 26. fxg6 hxg6 27. Kf3 f5 28. c4 Nd6 29. Bg5 Rd7 30. h4 Be6 31. Bf6 Rh7 32. Rxg6 Bf7 33. Rgg1 Ne4 34. Kf4 Nxf6 35. Bxf5+ Be6 36. Bxh7 Nxh7 37. d5 Bd7 38. h5 Nf6 39. h6 Rh8 40. Rh1 Nh7 41. Ke5 Kc7 42. d6+ Kb6 43. Rb1+ Ka6 44. c5 Ng5 45. Kf6 Ne4+ 46. Kg7 Re8 47. h7 Ng5 48. h8=Q Ne6+ 49. Kf6 Rxh8 50. Rxh8 Nxc5 51. Ke7 b6 52. Rd8 Bf5 53. Rb8 Ka7 54. R8xb6 Bxb1 55. Rxb1 Ka6 56. d7 Nxd7 57. Kxd7 c5 58. Kc6 c4 59. Rc1 c3 60. Rxc3 Ka7 61. Rb3 Ka6 62. Kc7 Ka7 63. Rb6 Ka8 64. Ra6# 1-0


[Site "https://www.chess.com"]

[Event "Titled Tuesday Blitz August 08 Early 2023"]
[White "Valle Maytin, Luis Enrique"]
[Black "Womacka, Mathias"]
[WhiteFideId "3503666"]
[BlackFideId "4611390"]
[WhiteElo "2321"]
[BlackElo "2518"]
[Result "0-1"]
[Round "2"]
[TimeControl "180+1"]
[Date "2023.08.08"]
[WhiteClock "0:00:02"]
[BlackClock "0:00:41"]
[Board "194"]

1. d4 Nf6 2. Nf3 e6 3. e3 c5 4. Bd3 Nc6 5. O-O d5 6. b3 cxd4 7. exd4 Be7 8. Bb2 O-O 9. Re1 b6 10. a3 Bb7 11. Nbd2 Rc8 12. Ne5 Nxe5 13. dxe5 Ne4 14. Nxe4 dxe4 15. Bc4 a6 16. a4 b5 17. axb5 axb5 18. Bxb5 Qxd1 19. Rexd1 Rxc2 20. Ba3 Bxa3 21. Rxa3 Bd5 22. h3 Rb8 23. Bc4 Bxc4 24. bxc4 g6 25. Ra7 Rbb2 26. Rf1 e3 27. Ra8+ Kg7 28. Ra3 exf2+ 29. Kh2 Rxc4 30. Rf3 Re4 31. R1xf2 Rxf2 32. Rxf2 Rxe5 33. Kg3 h5 34. h4 Re3+ 35. Kh2 f5 36. Ra2 Kf6 37. g3 g5 38. hxg5+ Kxg5 39. Kg2 h4 40. gxh4+ Kxh4 41. Kf2 Re4 42. Kf3 Kg5 43. Rg2+ Kf6 44. Rg8 Ra4 45. Rf8+ Ke5 46. Rb8 Ra3+ 47. Kf2 f4 48. Rb5+ Ke4 49. Rb4+ Kf5 50. Rb8 e5 51. Ke2 f3+ 52. Kf2 Kf4 53. Rf8+ Ke4 54. Kg3 Rd3 55. Kf2 Rd2+ 56. Kg3 Rg2+ 57. Kh3 Rg7 58. Ra8 Ke3 59. Ra3+ Kf4 60. Kh2 e4 61. Kh1 f2 62. Ra1 Kf3 63. Kh2 Rh7# 0-1


[Site "https://www.chess.com"]